%YAML 1.1
%TAG !u! tag:unity3d.com,2011:
--- !u!1 &3118189917357838268
GameObject:
  m_ObjectHideFlags: 0
  m_CorrespondingSourceObject: {fileID: 0}
  m_PrefabInstance: {fileID: 0}
  m_PrefabAsset: {fileID: 0}
  serializedVersion: 6
  m_Component:
  - component: {fileID: 1218282410474549673}
  - component: {fileID: 6045385631121264540}
  - component: {fileID: 1142551941856371371}
  m_Layer: 0
  m_Name: Point Light
  m_TagString: Untagged
  m_Icon: {fileID: 0}
  m_NavMeshLayer: 0
  m_StaticEditorFlags: 0
  m_IsActive: 1
--- !u!4 &1218282410474549673
Transform:
  m_ObjectHideFlags: 0
  m_CorrespondingSourceObject: {fileID: 0}
  m_PrefabInstance: {fileID: 0}
  m_PrefabAsset: {fileID: 0}
  m_GameObject: {fileID: 3118189917357838268}
  m_LocalRotation: {x: 0, y: 0, z: 0, w: 1}
  m_LocalPosition: {x: -12.25, y: 20, z: 0.45}
  m_LocalScale: {x: 1, y: 1, z: 1}
  m_ConstrainProportionsScale: 0
  m_Children: []
  m_Father: {fileID: 7076032522603217843}
  m_RootOrder: 36
  m_LocalEulerAnglesHint: {x: 0, y: 0, z: 0}
--- !u!108 &6045385631121264540
Light:
  m_ObjectHideFlags: 0
  m_CorrespondingSourceObject: {fileID: 0}
  m_PrefabInstance: {fileID: 0}
  m_PrefabAsset: {fileID: 0}
  m_GameObject: {fileID: 3118189917357838268}
  m_Enabled: 1
  serializedVersion: 10
  m_Type: 2
  m_Shape: 0
  m_Color: {r: 0.9528302, g: 0.94813144, b: 0.8494571, a: 1}
  m_Intensity: 3.5
  m_Range: 5
  m_SpotAngle: 30
  m_InnerSpotAngle: 21.80208
  m_CookieSize: 10
  m_Shadows:
    m_Type: 0
    m_Resolution: -1
    m_CustomResolution: -1
    m_Strength: 1
    m_Bias: 0.05
    m_NormalBias: 0.4
    m_NearPlane: 0.2
    m_CullingMatrixOverride:
      e00: 1
      e01: 0
      e02: 0
      e03: 0
      e10: 0
      e11: 1
      e12: 0
      e13: 0
      e20: 0
      e21: 0
      e22: 1
      e23: 0
      e30: 0
      e31: 0
      e32: 0
      e33: 1
    m_UseCullingMatrixOverride: 0
  m_Cookie: {fileID: 0}
  m_DrawHalo: 0
  m_Flare: {fileID: 0}
  m_RenderMode: 0
  m_CullingMask:
    serializedVersion: 2
    m_Bits: 4294967295
  m_RenderingLayerMask: 1
  m_Lightmapping: 2
  m_LightShadowCasterMode: 0
  m_AreaSize: {x: 1, y: 1}
  m_BounceIntensity: 1
  m_ColorTemperature: 6570
  m_UseColorTemperature: 0
  m_BoundingSphereOverride: {x: 0, y: 0, z: 0, w: 0}
  m_UseBoundingSphereOverride: 0
  m_UseViewFrustumForShadowCasterCull: 1
  m_ShadowRadius: 0
  m_ShadowAngle: 0
--- !u!114 &1142551941856371371
MonoBehaviour:
  m_ObjectHideFlags: 0
  m_CorrespondingSourceObject: {fileID: 0}
  m_PrefabInstance: {fileID: 0}
  m_PrefabAsset: {fileID: 0}
  m_GameObject: {fileID: 3118189917357838268}
  m_Enabled: 1
  m_EditorHideFlags: 0
  m_Script: {fileID: 11500000, guid: 474bcb49853aa07438625e644c072ee6, type: 3}
  m_Name: 
  m_EditorClassIdentifier: 
  m_Version: 1
  m_UsePipelineSettings: 1
  m_AdditionalLightsShadowResolutionTier: 2
  m_LightLayerMask: 1
  m_CustomShadowLayers: 0
  m_ShadowLayerMask: 1
  m_LightCookieSize: {x: 1, y: 1}
  m_LightCookieOffset: {x: 0, y: 0}
--- !u!1001 &7330073949719307352
PrefabInstance:
  m_ObjectHideFlags: 0
  serializedVersion: 2
  m_Modification:
    m_TransformParent: {fileID: 0}
    m_Modifications:
    - target: {fileID: -8679921383154817045, guid: 09671ac48d6624640928686b9638d303,
        type: 3}
      propertyPath: m_RootOrder
      value: 0
      objectReference: {fileID: 0}
    - target: {fileID: -8679921383154817045, guid: 09671ac48d6624640928686b9638d303,
        type: 3}
      propertyPath: m_LocalPosition.x
      value: 0
      objectReference: {fileID: 0}
    - target: {fileID: -8679921383154817045, guid: 09671ac48d6624640928686b9638d303,
        type: 3}
      propertyPath: m_LocalPosition.y
      value: 0
      objectReference: {fileID: 0}
    - target: {fileID: -8679921383154817045, guid: 09671ac48d6624640928686b9638d303,
        type: 3}
      propertyPath: m_LocalPosition.z
      value: 0
      objectReference: {fileID: 0}
    - target: {fileID: -8679921383154817045, guid: 09671ac48d6624640928686b9638d303,
        type: 3}
      propertyPath: m_LocalRotation.w
      value: 1
      objectReference: {fileID: 0}
    - target: {fileID: -8679921383154817045, guid: 09671ac48d6624640928686b9638d303,
        type: 3}
      propertyPath: m_LocalRotation.x
      value: 0
      objectReference: {fileID: 0}
    - target: {fileID: -8679921383154817045, guid: 09671ac48d6624640928686b9638d303,
        type: 3}
      propertyPath: m_LocalRotation.y
      value: 0
      objectReference: {fileID: 0}
    - target: {fileID: -8679921383154817045, guid: 09671ac48d6624640928686b9638d303,
        type: 3}
      propertyPath: m_LocalRotation.z
      value: 0
      objectReference: {fileID: 0}
    - target: {fileID: -8679921383154817045, guid: 09671ac48d6624640928686b9638d303,
        type: 3}
      propertyPath: m_LocalEulerAnglesHint.x
      value: 0
      objectReference: {fileID: 0}
    - target: {fileID: -8679921383154817045, guid: 09671ac48d6624640928686b9638d303,
        type: 3}
      propertyPath: m_LocalEulerAnglesHint.y
      value: 0
      objectReference: {fileID: 0}
    - target: {fileID: -8679921383154817045, guid: 09671ac48d6624640928686b9638d303,
        type: 3}
      propertyPath: m_LocalEulerAnglesHint.z
      value: 0
      objectReference: {fileID: 0}
    - target: {fileID: -1409134902389705197, guid: 09671ac48d6624640928686b9638d303,
        type: 3}
      propertyPath: m_Materials.Array.data[0]
      value: 
      objectReference: {fileID: 2100000, guid: d37b8ddf82cdc3a468d3811c5fbf3374, type: 2}
    - target: {fileID: 919132149155446097, guid: 09671ac48d6624640928686b9638d303,
        type: 3}
      propertyPath: m_Name
      value: CameraLibertyPrefab
      objectReference: {fileID: 0}
    - target: {fileID: 919132149155446097, guid: 09671ac48d6624640928686b9638d303,
        type: 3}
      propertyPath: m_IsActive
      value: 1
      objectReference: {fileID: 0}
    - target: {fileID: 5413259803744034911, guid: 09671ac48d6624640928686b9638d303,
        type: 3}
      propertyPath: m_IsActive
      value: 0
      objectReference: {fileID: 0}
    m_RemovedComponents: []
  m_SourcePrefab: {fileID: 100100000, guid: 09671ac48d6624640928686b9638d303, type: 3}
--- !u!1 &1151629731820533217 stripped
GameObject:
  m_CorrespondingSourceObject: {fileID: -1566462911542603335, guid: 09671ac48d6624640928686b9638d303,
    type: 3}
  m_PrefabInstance: {fileID: 7330073949719307352}
  m_PrefabAsset: {fileID: 0}
--- !u!65 &4407421488802453431
BoxCollider:
  m_ObjectHideFlags: 0
  m_CorrespondingSourceObject: {fileID: 0}
  m_PrefabInstance: {fileID: 0}
  m_PrefabAsset: {fileID: 0}
  m_GameObject: {fileID: 1151629731820533217}
  m_Material: {fileID: 0}
  m_IsTrigger: 0
  m_Enabled: 1
  serializedVersion: 2
  m_Size: {x: 4.102911, y: 15.8248, z: 5.899744}
  m_Center: {x: -1.9167967, y: 0.0011882783, z: -4.4149175}
--- !u!1 &1441448535164563043 stripped
GameObject:
  m_CorrespondingSourceObject: {fileID: -1028884887024661957, guid: 09671ac48d6624640928686b9638d303,
    type: 3}
  m_PrefabInstance: {fileID: 7330073949719307352}
  m_PrefabAsset: {fileID: 0}
--- !u!64 &654187461640262480
MeshCollider:
  m_ObjectHideFlags: 0
  m_CorrespondingSourceObject: {fileID: 0}
  m_PrefabInstance: {fileID: 0}
  m_PrefabAsset: {fileID: 0}
  m_GameObject: {fileID: 1441448535164563043}
  m_Material: {fileID: 0}
  m_IsTrigger: 0
  m_Enabled: 1
  serializedVersion: 4
  m_Convex: 1
  m_CookingOptions: 30
  m_Mesh: {fileID: 7834455859223766911, guid: 09671ac48d6624640928686b9638d303, type: 3}
--- !u!1 &1842514022174804662 stripped
GameObject:
  m_CorrespondingSourceObject: {fileID: 8946484042387877614, guid: 09671ac48d6624640928686b9638d303,
    type: 3}
  m_PrefabInstance: {fileID: 7330073949719307352}
  m_PrefabAsset: {fileID: 0}
--- !u!65 &2641168880674069338
BoxCollider:
  m_ObjectHideFlags: 0
  m_CorrespondingSourceObject: {fileID: 0}
  m_PrefabInstance: {fileID: 0}
  m_PrefabAsset: {fileID: 0}
  m_GameObject: {fileID: 1842514022174804662}
  m_Material: {fileID: 0}
  m_IsTrigger: 0
  m_Enabled: 1
  serializedVersion: 2
  m_Size: {x: 3.7390275, y: 10.828466, z: 5.0197773}
  m_Center: {x: 0.07411122, y: 1.9563622, z: -0.14876606}
--- !u!1 &4295239147016687149 stripped
GameObject:
  m_CorrespondingSourceObject: {fileID: 6783096501902322293, guid: 09671ac48d6624640928686b9638d303,
    type: 3}
  m_PrefabInstance: {fileID: 7330073949719307352}
  m_PrefabAsset: {fileID: 0}
--- !u!64 &6970452822074499149
MeshCollider:
  m_ObjectHideFlags: 0
  m_CorrespondingSourceObject: {fileID: 0}
  m_PrefabInstance: {fileID: 0}
  m_PrefabAsset: {fileID: 0}
  m_GameObject: {fileID: 4295239147016687149}
  m_Material: {fileID: 0}
  m_IsTrigger: 0
  m_Enabled: 1
  serializedVersion: 4
  m_Convex: 1
  m_CookingOptions: 30
  m_Mesh: {fileID: -3933036473783458390, guid: 09671ac48d6624640928686b9638d303, type: 3}
--- !u!1 &4554958036357669631 stripped
GameObject:
  m_CorrespondingSourceObject: {fileID: -2697707472298850649, guid: 09671ac48d6624640928686b9638d303,
    type: 3}
  m_PrefabInstance: {fileID: 7330073949719307352}
  m_PrefabAsset: {fileID: 0}
--- !u!64 &527087747074872088
MeshCollider:
  m_ObjectHideFlags: 0
  m_CorrespondingSourceObject: {fileID: 0}
  m_PrefabInstance: {fileID: 0}
  m_PrefabAsset: {fileID: 0}
  m_GameObject: {fileID: 4554958036357669631}
  m_Material: {fileID: 0}
  m_IsTrigger: 0
  m_Enabled: 1
  serializedVersion: 4
  m_Convex: 1
  m_CookingOptions: 30
  m_Mesh: {fileID: 8080770049836057912, guid: 09671ac48d6624640928686b9638d303, type: 3}
--- !u!1 &5685758525628398038 stripped
GameObject:
  m_CorrespondingSourceObject: {fileID: 3125067315656760718, guid: 09671ac48d6624640928686b9638d303,
    type: 3}
  m_PrefabInstance: {fileID: 7330073949719307352}
  m_PrefabAsset: {fileID: 0}
--- !u!65 &7799546621742741286
BoxCollider:
  m_ObjectHideFlags: 0
  m_CorrespondingSourceObject: {fileID: 0}
  m_PrefabInstance: {fileID: 0}
  m_PrefabAsset: {fileID: 0}
  m_GameObject: {fileID: 5685758525628398038}
  m_Material: {fileID: 0}
  m_IsTrigger: 0
  m_Enabled: 1
  serializedVersion: 2
  m_Size: {x: 5.5384855, y: 11.0078745, z: 5.755177}
  m_Center: {x: 0.60726166, y: -0.0019087793, z: -4.1322107}
--- !u!1 &5699744298493775893 stripped
GameObject:
  m_CorrespondingSourceObject: {fileID: 3071499295969162317, guid: 09671ac48d6624640928686b9638d303,
    type: 3}
  m_PrefabInstance: {fileID: 7330073949719307352}
  m_PrefabAsset: {fileID: 0}
--- !u!65 &2383715050799992950
BoxCollider:
  m_ObjectHideFlags: 0
  m_CorrespondingSourceObject: {fileID: 0}
  m_PrefabInstance: {fileID: 0}
  m_PrefabAsset: {fileID: 0}
  m_GameObject: {fileID: 5699744298493775893}
  m_Material: {fileID: 0}
  m_IsTrigger: 0
  m_Enabled: 1
  serializedVersion: 2
  m_Size: {x: 2.7109659, y: 2.2859304, z: 3.027196}
  m_Center: {x: 0.0031050006, y: -0.040292095, z: -1.751771}
--- !u!4 &7076032522603217843 stripped
Transform:
  m_CorrespondingSourceObject: {fileID: -8679921383154817045, guid: 09671ac48d6624640928686b9638d303,
    type: 3}
  m_PrefabInstance: {fileID: 7330073949719307352}
  m_PrefabAsset: {fileID: 0}
--- !u!1 &7600051670962149641 stripped
GameObject:
  m_CorrespondingSourceObject: {fileID: 919132149155446097, guid: 09671ac48d6624640928686b9638d303,
    type: 3}
  m_PrefabInstance: {fileID: 7330073949719307352}
  m_PrefabAsset: {fileID: 0}
--- !u!114 &5005455245740950907
MonoBehaviour:
  m_ObjectHideFlags: 0
  m_CorrespondingSourceObject: {fileID: 0}
  m_PrefabInstance: {fileID: 0}
  m_PrefabAsset: {fileID: 0}
  m_GameObject: {fileID: 7600051670962149641}
  m_Enabled: 1
  m_EditorHideFlags: 0
  m_Script: {fileID: 11500000, guid: 5a8d1a245bf43064b9b02b80da3d507a, type: 3}
  m_Name: 
  m_EditorClassIdentifier: 
  roomId: 0
--- !u!1 &8549957859481137656 stripped
GameObject:
  m_CorrespondingSourceObject: {fileID: -7845787097524628064, guid: 09671ac48d6624640928686b9638d303,
    type: 3}
  m_PrefabInstance: {fileID: 7330073949719307352}
  m_PrefabAsset: {fileID: 0}
--- !u!64 &1621160686519058350
MeshCollider:
  m_ObjectHideFlags: 0
  m_CorrespondingSourceObject: {fileID: 0}
  m_PrefabInstance: {fileID: 0}
  m_PrefabAsset: {fileID: 0}
  m_GameObject: {fileID: 8549957859481137656}
  m_Material: {fileID: 0}
  m_IsTrigger: 0
  m_Enabled: 1
  serializedVersion: 4
  m_Convex: 1
  m_CookingOptions: 30
  m_Mesh: {fileID: 4656116445852055785, guid: 09671ac48d6624640928686b9638d303, type: 3}
